 Dungeon Crawl Stone Soup version 0.31.0-9-g3a7656b989 (webtiles) character file.

Game seed: 17694501010368904961

163 qw the Skirmisher (level 5, -14/29 HPs)
             Began as a Deep Elf Hunter on Feb 2, 2024.
             Demolished by a gnoll
             ... wielding a +2 heavy flail
              (16 damage)
             ... on level 4 of the Dungeon.
             The game lasted 00:00:09 (2493 turns).

qw the Skirmisher (Deep Elf Hunter)                 Turns: 2493, Time: 00:00:10

Health: -14/29     AC:  6    Str: 10    XL:     5   Next: 20%
Magic:  7/7        EV: 11    Int: 14    God:
Gold:   240        SH:  0    Dex: 18    Spells: 4/4 levels left

rFire   . . .        a - +0 shortbow (heavy)
rCold   . . .        (shield currently unavailable)
rNeg    . . .        k - +0 ring mail
rPois   .            (no helmet)
rElec   .            (no cloak)
rCorr   .            m - +0 pair of gloves
SInv    .            (no boots)
Will    .....        (no amulet)
Stlth   +            (no ring)
HPRegen 0.24/turn    (no ring)
MPRegen 0.10/turn

%: no passive effects
@: no status effects
A: no striking features
a: no special abilities


You were on level 4 of the Dungeon.
You visited 1 branch of the dungeon, and saw 4 of its levels.

You collected 240 gold pieces.


   Skills:
 - Level 1.5 Fighting
 + Level 8.6 Ranged Weapons
 - Level 2.4 Dodging
 - Level 1.2 Stealth


You had 4 spell levels left.
You didn't know any spells.
Your spell library was empty.

Inventory:

Hand Weapons
 a - a +0 heavy shortbow (weapon)
Armour
 k - a +0 ring mail (worn)
 m - a +0 pair of gloves (worn)
Wands
 h - a wand of flame (20)
Potions
 e - a potion of cancellation
 f - a potion of enlightenment
 g - 5 potions of curing
 l - a potion of degeneration {unknown}

Dungeon Overview and Level Annotations

Branches:
Dungeon (4/15)
 Temple: D:4-7

Altars:


Message History

Enter note:
Enter note: You shoot an arrow.
The arrow closely misses the gnoll.
The gnoll shouts!
A gnoll comes into view. It is wielding a +2 heavy flail.
You shoot an arrow. The gnoll shouts!
The arrow hits the gnoll.
The gnoll is heavily wounded.
You shoot an arrow. The arrow hits the gnoll!
The gnoll is almost dead.
The gnoll throws a throwing net.
The throwing net hits you.
You become entangled in the net!
You struggle against the net.
You struggle against the net.
The gnoll hits you from afar with a +0 spear.
You tear a large gash into the net.
The gnoll hits you from afar with a +0 spear.
You shred the net and break free!
The gnoll hits you from afar with a +0 spear!
You shoot an arrow. The arrow barely misses the gnoll.
The gnoll hits you from afar with a +0 spear.
The gnoll hits you but does no damage.
You shoot an arrow. The arrow closely misses the gnoll.
The arrow hits the gnoll.
You kill the gnoll!
The gnoll hits you with a +2 heavy flail!
2491 ||| DRINKING potion of heal wounds.
You feel much better. The gnoll closely misses you.
The gnoll hits you with a +2 heavy flail!
You shoot an arrow. The arrow barely misses the gnoll.
The gnoll hits you with a +0 whip. The gnoll barely misses you.
The gnoll hits you with a +2 heavy flail!
You shoot an arrow. The arrow hits the gnoll.
The gnoll is severely wounded.
The gnoll closely misses you.
The gnoll hits you with a +2 heavy flail!
Ouch! That really hurt!
You die...

....#.....)...###
#.###'#####'
................## #.##...#
#..
.##..)#[......##.#####.##...#
#..
.##.)###...............##...#
#..
......###..####...#######...#
#.. .^....#....###...## #...#
#.. ...........#.....# #...#
#.. ...##............# #...#
#.. ...##...........@# #...#
#.. .........##.....gg# #...#
#.. .#....#...##....).# #...#
#.. .#....#.......##....
#...# #..
.#....##....######... #...#
#.. ......#......# .###..
#...###.. ......#......#...<
... #....#...
.................# #...
##....... ......%#).......#
##.....#


You could see 2 gnolls.

Vanquished Creatures
  An orc priest (D:4)
  A gnoll (D:4)
  5 adders (D:3)
  A dart slug (D:3)
  2 ribbon worms
  4 orcs
  7 ball pythons
  6 endoplasms
  2 giant cockroaches
  6 hobgoblins
  2 kobolds
  3 quokkas
  8 bats
  6 frilled lizards
  9 goblins
  5 rats
68 creatures vanquished.

Notes
Turn   | Place    | Note
-------+----------+-------------------------------------------
     0 | D:1      | qw the Deep Elf Hunter began the quest for the Orb.
     0 | D:1      | Reached XP level 1. HP: 12/12 MP: 3/3
     0 | D:1      | 0 ||| qw: Version: 0.3-a-155-g5e7d8dd
     0 | D:1      | 0 ||| qw: Game counter: 2735
     0 | D:1      | 0 ||| qw: Melee chars always use a shield: true
     0 | D:1      | 0 ||| qw: God list: Okawaru
     0 | D:1      | 0 ||| qw: Allow faded altars: false
     0 | D:1      | 0 ||| qw: Do Orc after clearing Dungeon:15 true
     0 | D:1      | 0 ||| qw: Do second Lair branch before Depths: true
     0 | D:1      | 0 ||| qw: Lair rune preference: random
     0 | D:1      | 0 ||| qw: Goals: Normal
     0 | D:1      | 0 ||| PLANNING D:1-11
   173 | D:1      | Reached XP level 2. HP: 16/16 MP: 4/4
   182 | D:1      | Reached skill level 6 in Ranged Weapons
   244 | D:1      | You fall into a shaft and drop 1 floor!
   250 | D:2      | 250 ||| READING scroll labelled HIJATI GUZE.
   251 | D:2      | 251 ||| DROPPING scroll of butterflies.
   282 | D:1      | Found a faded altar of an unknown god.
   683 | D:1      | 683 ||| READING scroll labelled CAINOF TASCHE.
   837 | D:2      | Reached XP level 3. HP: 20/20 MP: 5/5
  1519 | D:2      | 1519 ||| READING scroll labelled CORYRE GIOCS.
  1520 | D:2      | 1520 ||| READING scroll labelled QOSAYCR TEOFOU.
  1520 | D:2      | 1520 ||| IDENTIFYING black potion
  1521 | D:2      | 1521 ||| READING scroll labelled HIUJ JOSCHAHEEM.
  1521 | D:2      | 1521 ||| BRANDING +0 shortbow.
  1522 | D:2      | 1522 ||| DRINKING 2 bubbling clear potions.
  1523 | D:2      | 1523 ||| DRINKING 4 lumpy green potions.
  1524 | D:2      | 1524 ||| DRINKING 2 amethyst potions.
  1586 | D:3      | Reached skill level 7 in Ranged Weapons
  1749 | D:3      | Reached XP level 4. HP: 25/25 MP: 6/6
  1950 | D:3      | Reached skill level 8 in Ranged Weapons
  2226 | D:3      | 2226 ||| UPGRADING to +0 scale mail.
  2236 | D:3      | 2236 ||| DROPPING +0 leather armour.
  2237 | D:3      | 2237 ||| UPGRADING to +0 ring mail.
  2247 | D:3      | 2247 ||| DROPPING +0 scale mail.
  2248 | D:3      | 2248 ||| UPGRADING to +0 pair of gloves.
  2253 | D:3      | 2253 ||| DROPPING amulet of magic regeneration.
  2254 | D:3      | 2254 ||| READING scroll of identify.
  2254 | D:3      | 2254 ||| IDENTIFYING bubbling dark potion
  2255 | D:3      | 2255 ||| DROPPING potion of attraction.
  2343 | D:4      | 2343 ||| FLEEEEING.
  2343 | D:4      | HP: 3/25 [orc priest/divine providence (12)]
  2344 | D:4      | 2344 ||| DRINKING 3 potions of heal wounds.
  2348 | D:4      | HP: 4/25 [orc priest/divine providence (13)]
  2349 | D:4      | 2349 ||| DRINKING 2 potions of heal wounds.
  2353 | D:4      | Reached XP level 5. HP: 24/29 MP: 7/7
  2490 | D:4      | HP: 4/29 [gnoll/+2 heavy flail (8)]
  2491 | D:4      | 2491 ||| DRINKING potion of heal wounds.
  2493 | D:4      | Demolished by a gnoll

Levels and vault maps discovered:
D:1:      dreamdust_arrival_beginning_and_end, layout_loops_cross,
          hellmonk_ecumenical_altar_inner_sanctum, skrybe_limestone_x
D:2:      layout_loops_corners
D:3:      layout_loops_ring, minmay_pentomino_pile
D:4:      layout_cave_pools, lightli_temple_of_fire, nrook_uturn,
          nicolae_zen_rock_garden, minivault_11

Skill      XL: |  1  2  3  4 |
---------------+-------------+-----
Ranged Weapons | 6 7 8 |  8.6
Fighting       | |  1.5
Dodging        | |  2.4
Stealth        | |  1.2

Action                     |  1- 3 |  4- 6 || total
---------------------------+-------+-------++-------
   Fire: Shortbow          |   103 |    65 ||   168
    Use: Scroll            |     5 |     1 ||     6
         Potion            |     3 |     3 ||     6
 Armour: Leather armour    |    20 |    19 ||    39
         Ring mail         |       |    15 ||    15
  Dodge: Dodged            |     9 |    20 ||    29

Table legend:
 A = Non-vault XP
 B = Vault XP
 C = Vault XP percentage of total XP
 D = Non-vault monster count
 E = Vault monster count
 F = Vault count percentage of total count
                 A         B        C        D         E       F
            +---------+---------+-------+---------+---------+-------
      Total |     198 |      36 |  15.4 |      62 |       6 |   8.8
            +---------+---------+-------+---------+---------+-------
        D:1 |      35 |       0 |   0.0 |      22 |       0 |   0.0
        D:2 |      19 |       0 |   0.0 |      13 |       0 |   0.0
        D:3 |      65 |      36 |  35.6 |      16 |       6 |  27.3
        D:4 |      79 |       0 |   0.0 |      11 |       0 |   0.0
            +---------+---------+-------+---------+---------+-------
